 Dungeon Sprint DCSS version 0.29.1-12-g30fa7ad0bf (webtiles) character file.

Game seed: 400486368509179183

6 dduke234 the Trooper (level 3, 0/33 (37) HPs)
             Began as a Minotaur Monk on Jan 18, 2023.
             Was a Priest of Makhleb.
             Slain by Blork the orc
             ... wielding a +0 mace
              (10 damage)
             ... in the Dungeon (Sprint VI: "Thunderdome").
             The game lasted 00:05:03 (327 turns).

dduke234 the Trooper (Minotaur Monk)                 Turns: 327, Time: 00:05:04

HP:   0/33 (37)     AC:  2    Str: 17    XL:     3   Next: 19%
MP:   2/2           EV: 16    Int:  7    God:    Makhleb [***...]
Gold: 75            SH:  0    Dex: 25    Spells: 2/2 levels left

rFire   + . .      SeeInvis +   a - +0 spear
rCold   x . .      Faith    +   (no shield)
rNeg    + . .      Spirit   .   b - +0 robe
rPois   .          Reflect  .   (helmet restricted)
rElec   +          Harm     .   (no cloak)
rCorr   .          Rampage  .   (no gloves)
Will    .....      NoTele   +   (no boots)
Stlth   +++.......              h - amulet "Lereat" {Faith rN+ Stlth+}
HPRegen 0.11/turn               n - ring "Rofiaffe" {+Blink rElec Dex+6 Slay-5 SInv}
MPRegen 0.08/turn               o - ring "Rirchohon" {Fire Dex+7}

@: heavily drained
A: horns 2, retaliatory headbutt
a: Renounce Religion, Evoke Blink, Minor Destruction, Lesser Servant of Makhleb


You were in the Dungeon.
You worshipped Makhleb.
Makhleb was most pleased with you.
You visited 1 branch You collected 210 gold pieces.
You spent 135 gold pieces at shops.

Inventory:

Hand Weapons
 a - a +0 spear (weapon)
Armour
 b - a +0 robe (worn)
Jewellery
 h - the amulet "Lereat" (around neck) {Faith rN+ Stlth+}
   (You bought it in a shop in the Dungeon)

   [amulet of faith]

   It allows you to gain divine favour quickly.
   rN:        It protects you from negative energy.
   Stlth:     It makes you more stealthy.
 n - the ring "Rofiaffe" (left hand) {+Blink rElec Dex+6 Slay-5 SInv}
   (You bought it in a shop in the Dungeon)

   [ring of dexterity]

   Dex:       It affects your dexterity (+6).
   Slay:      It affects your accuracy & damage with ranged weapons and melee
   (-5).
   rElec:     It insulates you from electricity.
   SInv:      It lets you see invisible.
   +Blink:    It lets you blink.
 o - the ring "Rirchohon" (right hand) {Fire Dex+7}
   (You bought it in a shop in the Dungeon)

   [ring of fire]

   It enhances your fire magic.
   Dex:       It affects your dexterity (+7).
   rF:        It protects you from fire.
   rC:        It makes you vulnerable to cold.
Wands
 k - a wand of quicksilver (5)
 l - a wand of roots (5)
Scrolls
 i - 4 scrolls of blinking
 m - a scroll of butterflies
Potions
 c - a potion of ambrosia
 d - 2 potions of curing
 e - 4 potions of heal wounds
 f - 4 potions of haste
 g - 2 potions of magic
 j - a potion of resistance


   Skills:
 * Level 5.7 Fighting
 + Level 4.8 Polearms
 * Level 2.5 Armour
 * Level 5.2 Dodging
 - Level 1.5 Stealth


You had 2 spell levels left.
You didn't know any spells.
Your spell library was empty.

Dungeon Overview and Level Annotations

Branches:
Dungeon (1/1)

Altars:
Cheibriados
Dithmenos
Fedhas
Gozag
Kikubaaqudgha
Makhleb
Okawaru
Qazlal
Ru
Sif Muna
Trog
Uskayaw
Vehumet
Wu Jian
Xom
Yredelemnul
Zin
The Shining One
Lugonu

Shops:
D *[??*?*:[((!!!!

Annotations:
D Blork the orc


Innate Abilities, Weirdness & Mutations

You have a pair of horns on your head.
You reflexively headbutt those who attack you in melee.


Message History

An orc comes into view.
It is wielding a +2 falchion of draining.
The orc shouts!
An orc comes into view. It is wielding a +0 trident.
The orc misses you.
The orc shouts!
Blork the orc shouts!
You hit the orc but do no damage. You closely miss the orc.
The orc hits you with a +2 falchion of draining.
You partially resist.
You feel drained. The orc barely misses you.
You barely miss the orc. Your headbutt misses the orc.
The orc barely misses you.
Blork the orc mumbles some strange words.
Blork the orc seems to speed up.
You closely miss the orc. Your headbutt misses the orc.
Blork the orc screams, "I'll eat your brain!
And then I'll vomit it back up!"
The orc hits you with a +2 falchion of draining.
You partially resist.
You feel drained.
As you read the scroll of butterflies, it crumbles to dust.
You hear the tinkle of a tiny bell.
Blork the orc hits your butterfly with a +0 mace!
Your butterfly dies!
Your butterfly disappears in a burst of colours!
The orc barely misses your butterfly. The orc misses you.
You furiously retaliate!
You headbutt the orc, but do no damage. You hit the orc.
The orc is heavily wounded.
Blork the orc misses your butterfly.
The orc hits you with a +2 falchion of draining!
You partially resist.
You feel drained.
The orc hits your butterfly with a +0 trident!
Your butterfly dies!
Your butterfly disappears in a burst of colours!
The orc hits your butterfly with a +2 falchion of draining!
Your butterfly dies!
Your butterfly disappears in a burst of colours!
You hit Blork the orc.
Blork the orc is lightly wounded.
Blork the orc hits you with a +0 mace! x2
You die...

##.___...)..###......_._∩##
#∩........8.# #.8........∩###
........)...###.............##
.....[...###...###..........⌠#
.........# #.<.# #.......†..⌠#
.........###...###.b........⌠#
............###...b.........##
#∩........8.# #.8..b.b...∩###
##∩.__......###.@o...___∩##
######.8....b....8.######
#⌠....bbb..o.⌠#
###.)...ob..### #_..b...._#
#........_# #_...b..._#
#∩...b...∩# ##∩.....∩##


You could see Blork the orc (fast, ally target) and 2 orcs.

Vanquished Creatures
  Jessica (D)
  3 orcs (D)
  An endoplasm (D)
  A quokka (D)
  2 ball pythons (D)
8 creatures vanquished.

Notes
Turn   | Place    | Note
-------+----------+-------------------------------------------
     0 | D        | dduke234 the Minotaur Monk began the quest for the Orb.
     0 | D        | Reached XP level 1. HP: 19/19 MP: 0/0
     4 | D        | Found a shadowy altar of Dithmenos.
     4 | D        | Found a stormy altar of Qazlal.
     5 | D        | Found a hide-covered altar of Uskayaw.
     5 | D        | Round 1.
     6 | D        | Found a burning altar of Makhleb.
     7 | D        | Found Voj Rav's Identification Station.
     7 | D        | Found a glowing silver altar of Zin.
     7 | D        | Found an ornate altar of the Wu Jian Council.
     8 | D        | Found Leese's Advanced Armour.
     8 | D        | Found Qyen's Jewellery.
     9 | D        | Noticed Jessica
    16 | D        | Killed Jessica
    17 | D        | Reached skill level 5 in Fighting
    17 | D        | Reached XP level 2. HP: 29/29 MP: 1/1
    21 | D        | Reached skill level 5 in Dodging
    22 | D        | Found an ancient bone altar of Kikubaaqudgha.
    30 | D        | Became a worshipper of Makhleb the Destroyer
    30 | D        | Reached * piety under Makhleb
    30 | D        | Reached ** piety under Makhleb
    52 | D        | Bought a bound zirconium amulet for 45 gold pieces
    52 | D        | Identified the amulet "Lereat" {Faith rN+ Stlth+} (You
                  | bought it in a shop in the Dungeon)
    52 | D        | Bought a sparkling silver ring for 45 gold pieces
    52 | D        | Identified the ring "Rofiaffe" {+Blink rElec Dex+6 Slay-5
                  | SInv} (You bought it in a shop in the Dungeon)
    52 | D        | Bought a twitching lapis lazuli ring for 45 gold pieces
    52 | D        | Identified the ring "Rirchohon" {Fire Dex+7} (You bought it
                  | in a shop in the Dungeon)
    73 | D        | Found a sacrificial altar of Ru.
    73 | D        | Found Itox's Premium Goods.
    73 | D        | Found Adasedd's Miscellaneous Merchandise.
    74 | D        | Found Gougo's Basic Armour.
    79 | D        | Found Anleruwk's Weapon Rack.
    79 | D        | Found a bloodstained altar of Trog.
    79 | D        | Found a radiant altar of Vehumet.
    79 | D        | Found a blossoming altar of Fedhas.
    90 | D        | Found a glowing golden altar of the Shining One.
    94 | D        | Found a shimmering altar of Xom.
    94 | D        | Found a shimmering blue altar of Sif Muna.
    94 | D        | Found Ristrinn's Do-It-Yourself Clinic.
    94 | D        | Found Asiyhy's Bottled Wisdom.
    95 | D        | Found Zeole's Distillery.
   101 | D        | Found Lohankokk's Distillery.
   101 | D        | Found a basalt altar of Yredelemnul.
   101 | D        | Found a snail-covered altar of Cheibriados.
   117 | D        | Reached XP level 3. HP: 32/36 MP: 2/2
   142 | D        | Found a corrupted altar of Lugonu.
   143 | D        | Found an iron altar of Okawaru.
   143 | D        | Found Mifoicot's Staff Store.
   144 | D        | Found Boiwkura's Must-Have Magic.
   144 | D        | Found Ummasy's Magic Scroll Shop.
   145 | D        | Found an opulent altar of Gozag.
   145 | D        | Found Pait's Magic Scroll Shop.
   180 | D        | Arena points: 6 (+6) [x1]
   195 | D        | Round 2.
   224 | D        | Noticed Blork the orc
   253 | D        | Reached *** piety under Makhleb
   327 | D        | Slain by Blork the orc

Illustrated notes

Levels and vault maps discovered:
D:        arena_sprint

Skill      XL: |  1  2 |
---------------+-------+-----
Fighting       | 5 |  5.7
Polearms       | 4 |  4.8
Armour         | 2 |  2.5
Dodging        | 4 5 |  5.2
Stealth        | |  1.5

Action                   || total
-------------------------++-------
Melee: Spear             ||    27
       Headbutt          ||     4
  Use: Scroll            ||     2
       Potion            ||     1
Armor: Robe              ||     2
Dodge: Dodged            ||    18
